 Dungeon Crawl Stone Soup version 0.28-a0-1524-ge72afd5fc6 (webtiles) character file.

Game seed: 2138024864093693182

95 hashsling the Firebug (level 4, -1/38 HPs)
             Began as a Hill Orc Fire Elementalist on Jan 17, 2022.
             Slain by Sigmund (6 damage)
             ... on level 2 of the Dungeon.
             The game lasted 00:08:15 (1523 turns).

hashsling the Firebug (Hill Orc Fire Elementalist)  Turns: 1523, Time: 00:08:15

Health: -1/38      AC:  3    Str: 10    XL:     4   Next: 65%
Magic:  7/7        EV: 12    Int: 23    God:
Gold:   108        SH:  0    Dex: 11    Spells: 4/7 levels left

rFire   . . .      SeeInvis .   f - +2 dagger (protect)
rCold   . . .      Faith    .   (no shield)
rNeg    . . .      Spirit   .   a - +0 robe
rPois   .          Reflect  .   (no helmet)
rElec   .          Harm     .   (no cloak)
rCorr   .          Rampage  .   (no gloves)
Will    .....                   b - +0 pair of boots
Stlth   +.........              e - amulet of magic regeneration
HPRegen 0.12/turn               h - +6 ring of intelligence
MPRegen 0.50/turn               (no ring)

@: confused, lethally poisoned (-1 -> -12)
A: no striking features
a: no special abilities


You were on level 2 of the Dungeon.
You visited 1 branch of the dungeon, and saw 2 of its levels.

You collected 108 gold pieces.

Inventory:

Hand Weapons
 f - a +2 dagger of protection (weapon)
Armour
 a - a +0 robe (worn)
 b - a +0 pair of boots (worn)
Jewellery
 e - an amulet of magic regeneration (around neck)
 h - a +6 ring of intelligence (left hand)
Scrolls
 c - a scroll of teleportation {unknown}
 d - a scroll of blinking {unknown}
Potions
 g - a potion of curing {unknown}


   Skills:
 * Level 3.0 Fighting
 - Level 1.5 Dodging
 - Level 1.5 Stealth
 - Level 2.0 Spellcasting
 - Level 1.0 Conjurations
 * Level 4.5 Fire Magic


You had 4 spell levels left.
You knew the following spells:

 Your Spells              Type           Power      Damage    Failure   Level
a - Foxfire               Conj/Fire      60%        2x1d7     4%          1
b - Scorch                Fire           46%        2d7       3%          2

Your spell library contained the following spells:

 Spells                   Type           Power      Damage    Failure   Level
 Conjure Flame            Conj/Fire      15%        6-21      12%         3
 Freeze                   Ice            8%         1d3       13%         1
 Inner Flame              Hex/Fire       12%        N/A       16%         3
 Ensorcelled Hibernation  Hex/Ice        4%         N/A       19%         2
 Passwall                 Tmut/Erth      1%         N/A       19%         2
 Dazzling Flash           Conj/Hex       8%         N/A       30%         3
 Frozen Ramparts          Ice            4%         1d2       36%         3
 Swiftness                Air            2%         N/A       36%         3
 Flame Wave               Conj/Fire      15%        2d5       38%         4
 Hailstorm                Conj/Ice       4%         3d4       71%         4
 Iskenderun's Mystic Bla  Conj/Tloc      4%         2d3       71%         4
 Starburst                Conj/Fire      7%         6d4       99%         6


Dungeon Overview and Level Annotations

Branches:
Dungeon (2/15)

Altars:

Annotations:
D:2 Sigmund


Message History

You feel clever.
h - a +6 ring of intelligence (left hand) Sigmund the Dreaded comes into view.
He is wielding a +1 scythe of venom.
Sigmund gestures wildly while chanting.
Sigmund flickers and vanishes!
Deactivating autopickup; reactivate with Ctrl-A.
You conjure some foxfire!
Casting: Foxfire (safe; 4% risk of failure)
Confirm with . or Enter, or press ? or * to list all spells.
Nothing appears to happen.
Casting: Foxfire (safe; 4% risk of failure)
Press: ? - help, Q - select action, (/) - cycle Dir - look around, f - activate
Okay, then.
Casting: Scorch (safe; 3% risk of failure)
Press: ? - help, Q - select action, (/) - cycle Dir - look around, f - activate Nothing appears to happen.
The foxfire hits something but does no damage.
You are confused.
Your foxfire dissipates!
You're too confused to move!
A puff of flame appears from out of thin air!
The puff of flame hits you!
You feel less confused.
A puff of flame appears from out of thin air!
The puff of flame hits you!
You see here a +0 ring mail.
Things that are here:
a +0 halberd; a +0 spear; a gnoll skeleton You are confused.
Items here: ) ÷÷÷.
You bump into the rock wall.
You bump into the rock wall.
You bump into the rock wall.
Something hits you!
* * * LOW HITPOINT WARNING * * *
You are lethally poisoned!
You bump into the rock wall.
* * * LOW HITPOINT WARNING * * *
You feel very sick. Something hits you.
You die...

.# #...# #.# #......# #.#
###).####.# ###..##### ### #.#
#....##...# #....# #.. #.#
#.#.....### #.#.## #.. #.#
##...##### ###.#.########..
#.###....# ######...............
#.##.....###......[.#.########..
##....##.##...####).##.# #..
............##..@){###.# #..
....##...#####.##### #.##### ###
.##.##.### #........##....>##
#.. .§#.##.#
#.#g.............###.# #....#>#
#...)..............##.# ##.....#
... .......<...........#
###.....)###..............(..###
..##.. #.................# .###.
#.................#


There were no monsters in sight!

Vanquished Creatures
  A hound (D:2)
  3 gnolls (D:2)
  An adder (D:2)
  A bat (D:1)
  An endoplasm (D:2)
  5 goblins
  A hobgoblin (D:1)
  2 jackals (D:1)
  4 kobolds
  3 quokkas
  A ball python (D:1)
  A frilled lizard (D:2)
  3 rats (D:1)
27 creatures vanquished.

Vanquished Creatures (others)
  66 foxfires
  4 toadstools (D:1)
70 creatures vanquished.

Grand Total: 97 creatures vanquished

Notes
Turn   | Place    | Note
-------+----------+-------------------------------------------
     0 | D:1      | hashsling the Hill Orc Fire Elementalist began the quest
                  | for the Orb.
     0 | D:1      | Reached XP level 1. HP: 14/14 MP: 3/3
   206 | D:1      | Reached skill level 1 in Fighting
   206 | D:1      | Reached XP level 2. HP: 23/23 MP: 1/4
   382 | D:1      | Learned a level 2 spell: Scorch
  1098 | D:2      | Reached XP level 3. HP: 28/29 MP: 3/5
  1168 | D:2      | Reached skill level 4 in Fire Magic
  1168 | D:2      | Reached XP level 4. HP: 26/37 MP: 4/7
  1495 | D:2      | Noticed Sigmund
  1523 | D:2      | Slain by Sigmund

Illustrated notes

Levels and vault maps discovered:
D:1:      dpeg_arrival_arbitrary_c, layout_basic, minmay_gold_behind_fungi
D:2:      layout_rooms, bh_walls_and_bars, uniq_sigmund

Skill      XL: |  1  2  3  4 |
---------------+-------------+-----
Fighting       | 1 2 3 |  3.0
Spellcasting   | 2 |  2.0
Fire Magic     | 4 |  4.5
Dodging        | |  1.5
Stealth        | |  1.5
Conjurations   | |  1.0

Action                   |  1- 3 |  4- 6 || total
-------------------------+-------+-------++-------
Melee: Club              |     5 |       ||     5
       Dagger            |     3 |     7 ||    10
       Whip              |     3 |       ||     3
 Cast: Foxfire           |    39 |     7 ||    46
       Scorch            |     3 |     4 ||     7
Armor: Robe              |     3 |     2 ||     5
Dodge: Dodged            |    13 |    15 ||    28

Table legend: (Time is in decaauts)
 A = Elapsed time spent in this place.
 B = Non-inter-level travel time spent in this place.
 C = Inter-level travel time spent in this place.
 D = Time resting spent in this place.
 E = Time spent auto-exploring this place.
 F = Levels seen in this place.
 G = Mean time per level.
                   A        B        C        D        E       F      G
               +--------+--------+--------+--------+--------+-----+--------+
         Total |   1522 |   1495 |     27 |      0 |   1244 |   2 |  761.0 |
       Dungeon |   1522 |   1495 |     27 |      0 |   1244 |   2 |  761.0 |
               +--------+--------+--------+--------+--------+-----+--------+

Top non-repeatable levels by time:
     D:1: 1055 daAuts
     D:2: 467 daAuts
